 Dungeon Crawl Stone Soup version 0.17-a0-995-gb5fa8d7 (webtiles) character file.

228 ololoev the Ruffian (level 6, -5/48 HPs)
             Began as a Ghoul Warper on May 12, 2015.
             Slain by an ogre
             ... wielding a +0 giant spiked club
              (13 damage)
             ... on level 3 of the Dungeon.
             The game lasted 00:07:31 (3060 turns).

ololoev the Ruffian (Ghoul Warper)                  Turns: 3060, Time: 00:07:31

Health: -5/48      AC: 11    Str: 17    XL:     6   Next: 2%
Magic:  7/7        EV:  7    Int:  8    God:
Gold:   194        SH:  3    Dex:  8    Spells: 1 memorised, 7 levels left

rFire  . . .     SeeInvis .       - Unarmed
rCold  + . .     Clarity  .     w - +0 chain mail
rNeg   + + +     SustAb   .     r - +0 buckler
rPois  ∞         Gourm    .     u - +0 helmet
rElec  .         Spirit   .     a - +0 cloak
rCorr  .         Warding  .     (no gloves)
rMut   .         Stasis   .     (no boots)
MR     .....                    (no amulet)
Stlth  ..........               o - ring of teleport control
                                (no ring)

@: rotting, not resistant to hostile enchantments, extremely unstealthy
A: rotting body, claws 1, carnivore 3, cold resistance 1, negative energy
resistance 3, slow healing 1, torment resistance, unbreathing
a: Evoke Teleport Control


Innate Abilities, Weirdness & Mutations

Your body is rotting away.
You thrive on raw meat.
You are immune to poison.
You have sharp fingernails.
You are carnivorous and can eat meat at any time.
Your flesh is cold resistant.
You are immune to negative energy.
You heal slowly when monsters are visible.
You are immune to unholy pain and torment.
You can survive without breathing.

Inventory:

Armour
 a - a +0 cloak (worn)
 r - a +0 buckler (worn)
 u - a +0 helmet (worn)
 w - a +0 chain mail (worn)
Jewellery
 n - an uncursed ring of sustain abilities
 o - a ring of teleport control (right claw)
Scrolls
 c - a scroll of blinking
 g - a scroll of fog
 k - a scroll of fear
 l - a scroll of teleportation {unknown}
Potions
 h - 2 potions of agility
 m - a potion of curing
 p - a potion of ambrosia
 s - a potion of flight
 v - a potion of haste
Books
 b - a book of Spatial Translocations

   Spells                             Type                      Level
   a - Apportation                    Translocation                1
   b - Blink                          Translocation                2
   c - Shroud of Golubria             Charms/Translocation         2
   d - Portal Projectile              Translocation                3
   e - Teleport Other                 Translocation                3
   f - Passage of Golubria            Translocation                4
Comestibles
 e - 3 meat rations
 i - a royal jelly
 t - a chunk of flesh


   Skills:
 - Level 2.1 Fighting
 - Level 0.8 Throwing
 + Level 2.8 Armour
 - Level 1.7 Dodging
 + Level 2.0 Shields
 * Level 4.9 Unarmed Combat
 - Level 1.7 Spellcasting
 - Level 2.6 Translocations


You had 7 spell levels left.
You knew the following spells:

 Your Spells              Type           Power        Failure   Level  Hunger
a - Apportation           Tloc           #.........   99%         1    ##.....


You were on level 3 of the Dungeon.
You were not hungry.

You visited 1 branch of the dungeon, and saw 4 of its levels.

You collected 194 gold pieces.

##.####.#### #)# #...# #.# ##.#
#.# #.# ##### #.# ##.# #.# #.#
#.# ##.# #.# #.# ##.######
.#.####.##### #.# #........
.#..........# #.# #..######
.#.####.#.#.# #.# #..# .#.#
#.#.#[# #O#########..###### .#.#
#.#.#.# #.@................ .#.#
#.#.#.# ################### .#.#
#.#.#.# #.. .#.####.#.#.# #.#
........#.#.###################.#
.########.#.....................#
..........#####################.#
########### #.# ###

Notes
Turn   | Place    | Note
--------------------------------------------------------------
     0 | D:1      | ololoev the Ghoul Warper began the quest for the Orb.
     0 | D:1      | Reached XP level 1. HP: 17/17 MP: 2/2
    59 | D:1      | Reached skill level 1 in Armour
   149 | D:1      | Reached XP level 2. HP: 19/24 MP: 3/3
   790 | D:1      | Reached skill level 3 in Unarmed Combat
  1028 | D:2      | Reached XP level 3. HP: 29/29 MP: 4/4
  1700 | D:2      | Reached XP level 4. HP: 27/36 MP: 5/5
  1857 | D:3      | Reached skill level 1 in Shields
  1965 | D:3      | Reached skill level 4 in Unarmed Combat
  2474 | D:3      | Reached XP level 5. HP: 35/40 MP: 6/6
  2828 | D:4      | Noticed an ogre
  2829 | D:4      | Noticed an ogre
  2959 | D:3      | Killed an ogre
  2959 | D:3      | Reached XP level 6. HP: 21/48 MP: 7/7
  3060 | D:3      | Slain by an ogre

Dungeon Overview and Level Annotations

Branches:
Dungeon (4/15)
 Temple: D:4-7

Altars:


Message History

a hand axe; a ring mail; a mace You scratch the orc.
You kill the orc!
Quiver which item? (- for none, * to show all) (? for menu, Esc to quit)
Okay, then.
Throwing (i - inventory):
d - 5 tomahawks of dispersal (quivered)
Press: ? - help, Shift-Dir - straight line, f - ogre
Aim: an ogre, wielding a giant spiked club You throw a tomahawk of dispersal.
The tomahawk of dispersal hits the ogre but does no damage.
Throwing (i - inventory):
d - 4 tomahawks of dispersal (quivered)
Press: ? - help, Shift-Dir - straight line, f/p - ogre
Aim: an ogre, wielding a giant spiked club You throw a tomahawk of dispersal.
The tomahawk of dispersal barely misses the ogre.
The ogre hits you with a giant spiked club!!
Throwing (i - inventory):
d - 3 tomahawks of dispersal (quivered)
Press: ? - help, Shift-Dir - straight line, f/p - ogre
Aim: an ogre, wielding a giant spiked club You throw a tomahawk of dispersal.
The tomahawk of dispersal barely misses the ogre.
The ogre hits you with a giant spiked club!
Throwing (i - inventory):
d - 2 tomahawks of dispersal (quivered)
Press: ? - help, Shift-Dir - straight line, f/p - ogre
Aim: an ogre, wielding a giant spiked club You throw a tomahawk of dispersal.
The tomahawk of dispersal barely misses the ogre.
Throwing (i - inventory):
d - a tomahawk of dispersal (quivered)
Press: ? - help, Shift-Dir - straight line, f/p - ogre
Aim: an ogre, wielding a giant spiked club You throw a tomahawk of dispersal.
The tomahawk of dispersal closely misses the ogre.
The ogre barely misses you.
Your shield and chain mail prevent you from hitting the ogre.
The ogre hits you with a giant spiked club.
You scratch the ogre.
The ogre begins to bleed from its wounds!
The ogre is lightly wounded.
The ogre hits you with a giant spiked club!
You die...

You could see an ogre (bleeding).

Vanquished Creatures
  An ogre (D:3)
  6 adders
  An ooze (D:1)
  An adder skeleton (D:4)
  A worm (D:2)
  A giant gecko (D:2)
  8 orcs (D:3)
  2 giant cockroaches
  9 hobgoblins
  2 jackals (D:3)
  A quokka (D:2)
  A ball python (D:2)
  7 bats
  2 giant newts
  13 goblins
  15 kobolds
  9 rats
80 creatures vanquished.

Action                   |  1- 3 |  4- 6 || total
-------------------------+-------+-------++-------
Melee: Unarmed           |   153 |   172 ||   325
Throw: Tomahawk          |       |     5 ||     5
  Use: Scroll            |       |    11 ||    11
  Eat: Chunk             |     7 |    16 ||    23

Vault maps used:
D:1:      sevenhm_arrival_forest_fort_large_2
D:2:      first_bread, serial_bayou_pond_a
D:3:      corexii_shack_village
